 Dungeon Crawl Stone Soup version 0.21-a0-380-gd65dc97 (webtiles) character file.

18 Kavrick the Caller (level 2, -2/15 HPs)
             Began as a Deep Elf Summoner on Oct 18, 2017.
             Slain by an adder (3 damage)
             ... on level 2 of the Dungeon.
             The game lasted 00:02:28 (766 turns).

Kavrick the Caller (Deep Elf Summoner)               Turns: 766, Time: 00:02:28

Health: -2/15      AC:  2    Str:  5    XL:     2   Next: 51%
Magic:  6/8        EV: 13    Int: 19    God:
Gold:   70         SH:  0    Dex: 15    Spells: 7/8 levels left

rFire    . . .     SeeInvis .   e - -3 dagger (curse)
rCold    . . .     Gourm    .   (no shield)
rNeg     . . .     Faith    .   a - +0 robe
rPois    .         Spirit   .   (no helmet)
rElec    .         Reflect  .   (no cloak)
rCorr    .         Harm     .   (no gloves)
MR       .....                  (no boots)
Stlth    ++........             (no amulet)
HPRegen  0.05/turn              (no ring)
MPRegen  0.11/turn              (no ring)

@: lethally poisoned (-2 -> -5)
A: no striking features
a: no special abilities


You were on level 2 of the Dungeon.
You were not hungry.

You visited 1 branch of the dungeon, and saw 2 of its levels.

You collected 70 gold pieces.

Inventory:

Hand Weapons
 e - a cursed -3 dagger (weapon)
Armour
 a - a +0 robe (worn)
Jewellery
 j - an uncursed amulet of rage {unknown}
Scrolls
 d - a scroll of enchant weapon {unknown}
 g - a scroll of identify {unknown}
 h - a scroll of amnesia {unknown}
 k - a scroll of blinking {unknown}
Books
 b - a book of Callings

   Spells                             Type                      Level
   a - Summon Small Mammal            Summoning                    1
   b - Call Imp                       Summoning                    2
   c - Call Canine Familiar           Summoning                    3
   d - Summon Guardian Golem          Hexes/Summoning              3
   e - Summon Lightning Spire         Summoning/Air                4
   f - Summon Ice Beast               Ice/Summoning                4
Comestibles
 c - 2 bread rations
 i - a meat ration
 l - 3 fruits


   Skills:
 - Level 2.4 Dodging
 - Level 2.4 Stealth
 + Level 3.5 Spellcasting
 * Level 5.0 Summonings


You had 7 spell levels left.
You knew the following spells:

 Your Spells              Type           Power        Failure   Level  Hunger
a - Summon Small Mammal   Summ           ###.         1%          1    None


Dungeon Overview and Level Annotations

Branches:
Dungeon (2/15)

Altars:


Message History

The hobgoblin barely misses your quokka.
Your rat closely misses the hobgoblin.
The adder closely misses you.
You aren't carrying any potions.
Your quokka bites the hobgoblin.
The hobgoblin dies!
Your Summonings skill increases to level 5!
There is a stone staircase leading up here.
What are your orders? t - Shout!
Orders for allies: a - Attack new target. p - Attack previous target. r - Retreat! s - Stop attacking. g - Guard the area. f - Follow me.
Anything else - Cancel.
Gang up on whom?
Press: ? - help, Dir - move target cursor, f/p - adder
Aim: an adder Attack!
The adder bites you.
* * * LOW HITPOINT WARNING * * *
The adder bites you.
You die...

.# ### .# #.. ..
#.# g# #.# .#
####### #.###.#
#....^###...#.##
#.#@S.r.r......#
#.<<..####.#......#
#.####.# #.##.###.#
#. ### #.# ..# .
#.# ..# ## ### ..#
.# #.


You could see an adder, a friendly quokka and a friendly rat.

Vanquished Creatures (collateral kills)
  2 dart slugs (D:1)
  3 bats (D:1)
  3 hobgoblins
  10 jackals (D:1)
  2 kobolds (D:1)
  A frilled lizard (D:1)
  2 goblins (D:1)
  2 rats (D:1)
25 creatures vanquished.

Notes
Turn   | Place    | Note
-------+----------+-------------------------------------------
     0 | D:1      | Kavrick the Deep Elf Summoner began the quest for the Orb.
     0 | D:1      | Reached XP level 1. HP: 10/10 MP: 6/6
   128 | D:1      | Reached XP level 2. HP: 13/15 MP: 2/8
   764 | D:2      | Reached skill level 5 in Summonings
   766 | D:2      | Slain by an adder

Vault maps used:
D:1:      dpeg_arrival_radiant
D:2:      chequers_temple_overflow_minitemple

Skill      XL: |  1  2 |
---------------+-------+-----
Summonings     | 5 |  5.0
Dodging        | |  2.4
Stealth        | |  2.4
Spellcasting   | |  3.5

Action                   || total
-------------------------++-------
Melee: Unarmed           ||     2
 Cast: Summon Small Mamm ||    43
Armor: Robe              ||     7
Dodge: Dodged            ||    23

Table legend:
 A = Spawn XP
 B = Non-spawn XP
 C = Spawn XP percentage of total XP
 D = Spawn monster count
 E = Non-spawn monster count
 F = Spawn count percentage of total count
 G = Total turns spent on level
                    A         B        C        D         E        F      G
               +---------+---------+-------+---------+---------+-------+---------
         Total |       0 |      27 |   0.0 |       0 |      25 |   0.0 |   766
               +---------+---------+-------+---------+---------+-------+---------
           D:1 |       0 |      26 |   0.0 |       0 |      24 |   0.0 |   738
           D:2 |       0 |       1 |   0.0 |       0 |       1 |   0.0 |    28
               +---------+---------+-------+---------+---------+-------+---------
